[Event "Titled Tuesday Blitz July 6 2021"]
[White "Todorovic, Bojan"]
[Black "Shtyka, Sergey"]
[WhiteFideId "917087"]
[BlackFideId "4138465"]
[WhiteElo "2266"]
[BlackElo "2064"]
[Result "0-1"]
[Round "11"]
[TimeControl "180+1"]
[Date "2021.07.06"]
[WhiteClock "0:00:01"]
[BlackClock "0:00:09"]

1. d4 c5 2. d5 e5 3. e4 d6 4. Nc3 Be7 5. Nf3 Bg4 6. a4 a6 7. a5 Nd7 8. Be2 Bxf3 9. Bxf3 Bg5 10. g3 Bxc1 11. Qxc1 Ngf6 12. h4 O-O 13. Bg2 b5 14. axb6 Qxb6 15. O-O c4 16. Qd2 Nc5 17. Qe3 Qxb2 18. Ra2 Qb7 19. Rb1 Qc7 20. Qe2 Ncd7 21. Rb4 Rfc8 22. Bf1 Nb6 23. Na4 Nfd7 24. Nxb6 Nxb6 25. c3 Qc5 26. Qb2 Rcb8 27. Qa3 g6 28. Qa5 Nd7 29. Bxc4 Qxa5 30. Rxa5 Nc5 31. Rxb8+ Rxb8 32. Bxa6 Ra8 33. Rxc5 dxc5 34. Bb5 Rd8 35. Kf1 Kf8 36. Ke2 Ke7 37. Kd3 Kd6 38. g4 f6 39. g5 Rf8 40. Ke3 fxg5 41. hxg5 Rf4 42. Be2 Rh4 43. Bf3 Rh3 44. Ke2 Rh4 45. Ke3 Rf4 46. Ke2 Rf8 47. Ke3 Ra8 48. Bg4 Ra3 49. Kd3 Ra1 50. Be6 Rg1 51. Bg8 Rxg5 52. Bxh7 Rg2 53. Ke3 g5 54. Bf5 Rh2 55. Bg4 Rh4 56. Be2 Rh3+ 57. Kd2 Rh2 58. Ke3 Rh8 59. Bg4 Rf8 60. Bf5 Ra8 61. Kd2 c4 62. Bg4 Kc5 63. Bf5 Ra2+ 64. Ke3 Rc2 65. Kf3 Rxc3+ 66. Kg4 Rc2 67. Kxg5 Rxf2 68. Kf6 Kd6 0-1


[Site "https://www.chess.com"]

[Event "Titled Tuesday Blitz July 6 2021"]
[White "Tomiello, Lucas Costamilan"]
[Black "Cunjalo, Faris"]
[WhiteFideId "22701940"]
[BlackFideId "14410710"]
[WhiteElo "1945"]
[BlackElo "2234"]
[Result "0-1"]
[Round "11"]
[TimeControl "180+1"]
[Date "2021.07.06"]
[WhiteClock "0:00:13"]
[BlackClock "0:00:06"]

1. e4 c6 2. d4 d5 3. Nd2 dxe4 4. Nxe4 Bf5 5. Ng3 Bg6 6. h4 h6 7. Nf3 e6 8. h5 Bh7 9. Bd3 Bxd3 10. Qxd3 Nf6 11. Bd2 Be7 12. O-O-O Nbd7 13. Kb1 Qc7 14. Qe2 O-O-O 15. Ne5 Nxe5 16. dxe5 Nd5 17. a3 Qb6 18. Ka2 Bc5 19. c4 Nc7 20. Ne4 Bd4 21. Bf4 Ne8 22. Rh3 c5 23. Rb3 Qc6 24. Rbd3 f5 25. Nd2 Nc7 26. Nb3 Na6 27. Nxd4 cxd4 28. Rxd4 Rxd4 29. Rxd4 Qa4 30. b3 Qc6 31. Rd6 Qxg2 32. Rxe6 Rd8 33. Rd6 Nc5 34. Rxd8+ Kxd8 35. e6 Qe4 36. Qd2+ Ke8 37. Be3 Nxe6 38. Bxa7 Nf4 39. Bb6 Ne2 40. a4 Qe5 41. a5 Nc3+ 42. Ka3 Nb1+ 43. Kb4 Nxd2 44. Be3 Ne4 45. a6 Qc3+ 46. Ka4 Qa1+ 47. Kb5 Qxa6+ 48. Kb4 b6 49. c5 bxc5+ 50. Bxc5 Nxc5 51. Kxc5 Qe2 52. b4 Qxf2+ 53. Kd5 f4 54. b5 f3 55. Kc6 Qc2+ 56. Kd5 f2 57. b6 Qb3+ 58. Kc6 Qxb6+ 59. Kxb6 f1=Q 0-1


[Site "https://www.chess.com"]

[Event "Titled Tuesday Blitz July 6 2021"]
[White "Torkkola, Henri"]
[Black "Isajevsky, Anton"]
[WhiteFideId "507660"]
[BlackFideId "4142500"]
[WhiteElo "2137"]
[BlackElo "2510"]
[Result "0-1"]
[Round "11"]
[TimeControl "180+1"]
[Date "2021.07.06"]
[WhiteClock "0:00:03"]
[BlackClock "0:00:09"]

1. d4 d5 2. Bf4 Nf6 3. e3 c5 4. Nf3 Nc6 5. Nbd2 cxd4 6. exd4 Bg4 7. Bb5 e6 8. h3 Bxf3 9. Nxf3 Bd6 10. Bxd6 Qxd6 11. O-O O-O 12. Re1 Rac8 13. Ne5 Qb4 14. Bxc6 bxc6 15. Rb1 Qa4 16. a3 c5 17. dxc5 Rxc5 18. c3 Qxd1 19. Rexd1 Rb8 20. Rd3 Ne4 21. Nd7 Rxc3 22. Rdd1 Rcb3 23. Nxb8 Rxb8 24. f3 Nd6 25. b4 Nc4 26. a4 Kf8 27. b5 Ke7 28. Kf2 Kd6 29. Ke2 Kc5 30. f4 f6 31. Kd3 e5 32. fxe5 fxe5 33. Rf1 e4+ 34. Ke2 Rb7 35. Rf5 Rd7 36. g4 g6 37. Rf8 d4 38. Rc8+ Kd5 39. Ra1 d3+ 40. Kf2 e3+ 41. Kf3 Rf7+ 42. Kg3 e2 43. Rd8+ Ke4 44. Re8+ Ne5 45. a5 Rf1 46. Ra4+ Kd5 47. Rd8+ Ke6 48. Re8+ Kd6 49. Rd4+ Kc5 50. Re4 e1=Q+ 51. Rxe1 Rxe1 52. Kf2 d2 53. Rc8+ Kxb5 54. Rd8 d1=Q 0-1


[Site "https://www.chess.com"]

[Event "Titled Tuesday Blitz July 6 2021"]
[White "Vignesh, N R"]
[Black "Siva Mahadevan"]
[WhiteFideId "25012215"]
[BlackFideId "25043153"]
[WhiteElo "2401"]
[BlackElo "2203"]
[Result "0-1"]
[Round "11"]
[TimeControl "180+1"]
[Date "2021.07.06"]
[WhiteClock "0:01:01"]
[BlackClock "0:02:02"]

1. d4 Nf6 2. Nf3 g6 3. Bg5 Bg7 4. Bxf6 Bxf6 5. e4 O-O 6. e5 Bg7 7. Bd3 d6 8. h3 Nc6 9. Be4 dxe5 10. Bxc6 bxc6 11. Nxe5 c5 12. c3 Ba6 13. Qa4 Qd6 14. Nd2 cxd4 15. cxd4 Bxe5 16. dxe5 Qxe5+ 17. Qe4 Qxb2 18. Qb1 Qe5+ 0-1


[Site "https://www.chess.com"]

[Event "Titled Tuesday Blitz July 6 2021"]
[White "Vivas Zamora, Fabian Ernesto"]
[Black "Karttunen, Mika"]
[WhiteFideId "3902480"]
[BlackFideId "502081"]
[WhiteElo "1966"]
[BlackElo "2343"]
[Result "0-1"]
[Round "11"]
[TimeControl "180+1"]
[Date "2021.07.06"]
[WhiteClock "0:00:01"]
[BlackClock "0:00:21"]

1. c4 Nf6 2. Nc3 g6 3. g3 Bg7 4. Bg2 O-O 5. d4 Nc6 6. Nf3 d5 7. cxd5 Nxd5 8. e4 Nb6 9. d5 Nb4 10. O-O c6 11. Qb3 Nd3 12. Be3 c5 13. Rfd1 Nxb2 14. Qxb2 Na4 15. Nxa4 Bxb2 16. Nxb2 b6 17. e5 Bb7 18. Bh6 Re8 19. Ng5 f6 20. Ne6 Qd7 21. f4 Rac8 22. Nc4 Ba6 23. Ne3 c4 24. d6 Bb7 25. Bxb7 Qxb7 26. d7 Qc6 27. dxe8=Q+ Rxe8 28. Nd4 Qe4 29. Ng4 Kf7 30. exf6 exf6 31. Nf2 Qe3 32. Nc2 Qc3 33. Rac1 b5 34. Rd7+ Re7 35. Rxe7+ Kxe7 36. f5 g5 37. h4 Qxg3+ 38. Kf1 Qxh4 39. Re1+ Kf7 40. Nd4 Qxh6 41. Nc6 Qh5 42. Re7+ Kf8 43. Rxa7 Qf3 44. Nd8 Qxf5 45. Rc7 h5 46. Nb7 h4 47. Nd6 Qe6 0-1


[Site "https://www.chess.com"]

[Event "Titled Tuesday Blitz July 6 2021"]
[White "Vlachos, Anatole"]
[Black "Shahade, Gregory"]
[WhiteFideId "26093189"]
[BlackFideId "2009064"]
[WhiteElo "2350"]
[BlackElo "2720"]
[Result "1-0"]
[Round "11"]
[TimeControl "180+1"]
[Date "2021.07.06"]
[WhiteClock "0:00:14"]
[BlackClock "0:00:01"]

1. Nf3 Nf6 2. g3 g6 3. Bg2 Bg7 4. O-O d5 5. d3 O-O 6. Nbd2 c5 7. e4 Nc6 8. Re1 dxe4 9. dxe4 b6 10. e5 Nd5 11. c3 Bb7 12. h4 Qc7 13. Qe2 Rad8 14. h5 a6 15. Nf1 b5 16. N1h2 b4 17. c4 Nb6 18. e6 f5 19. hxg6 hxg6 20. Qe3 Nd4 21. Nxd4 cxd4 22. Qg5 Bxg2 23. Qxg6 Rf6 24. Qh5 Be4 25. Bg5 Rxe6 26. f3 Qxg3+ 27. Kh1 Nxc4 28. Rg1 Qf2 29. Rg2 Qxg2+ 30. Kxg2 Bd5 31. Rg1 Ne3+ 32. Kh3 f4 33. Bh6 Rxh6 34. Qxh6 Nf5 35. Qg6 Rf8 36. Ng4 1-0


[Site "https://www.chess.com"]

[Event "Titled Tuesday Blitz July 6 2021"]
[White "Vogel, Roven"]
[Black "Martinez Reyes, Pedro Ramon"]
[WhiteFideId "12908088"]
[BlackFideId "3901807"]
[WhiteElo "2516"]
[BlackElo "2398"]
[Result "1-0"]
[Round "11"]
[TimeControl "180+1"]
[Date "2021.07.06"]
[WhiteClock "0:01:35"]
[BlackClock "0:00:04"]

1. d4 Nf6 2. c4 g6 3. Nc3 Bg7 4. g3 c5 5. Nf3 O-O 6. Bg2 cxd4 7. Nxd4 Qc7 8. Qd3 Nc6 9. Ndb5 Qd8 10. O-O a6 11. Na3 d6 12. Nd5 Bd7 13. Bg5 Nxd5 14. cxd5 Ne5 15. Qb3 b5 16. Rac1 h6 17. Be3 Qa5 18. h3 b4 19. Nc4 Nxc4 20. Rxc4 Rab8 21. Rh4 Ba4 22. Qd3 Bb5 23. Qd2 g5 24. Re4 Rbe8 25. a3 f5 26. Rxb4 Qc7 27. Rc1 Qd7 28. a4 Bxa4 29. Bd4 1-0


[Site "https://www.chess.com"]

[Event "Titled Tuesday Blitz July 6 2021"]
[White "Wagner, Dennis"]
[Black "Tejedor Fuente, Enrique"]
[WhiteFideId "24650684"]
[BlackFideId "2299100"]
[WhiteElo "2355"]
[BlackElo "2535"]
[Result "0-1"]
[Round "11"]
[TimeControl "180+1"]
[Date "2021.07.06"]
[WhiteClock "0:00:01"]
[BlackClock "0:00:51"]

1. e4 d6 2. d4 Nf6 3. Nc3 e5 4. Nf3 Nbd7 5. Bc4 Be7 6. a4 O-O 7. O-O c6 8. h3 b6 9. Be3 a6 10. Re1 Qc7 11. Bb3 Bb7 12. Nh4 Rfe8 13. Nf5 Bf8 14. Qf3 c5 15. dxe5 Nxe5 16. Qg3 c4 17. Ba2 Nxe4 18. Nxe4 Bxe4 19. Bxb6 Qxb6 20. Rxe4 g6 21. Bxc4 Qxb2 22. Rae1 Qxc2 23. Bd5 Rab8 24. f4 Qc5+ 25. Ne3 Nd3 26. Rxe8 Rxe8 27. Re2 Bh6 28. Kf1 Qc1+ 29. Re1 Qxe1+ 0-1


[Site "https://www.chess.com"]

[Event "Titled Tuesday Blitz July 6 2021"]
[White "Weetik, Vjacheslav"]
[Black "Senthil Maran K"]
[WhiteFideId "4153472"]
[BlackFideId "25035681"]
[WhiteElo "2469"]
[BlackElo "2194"]
[Result "1-0"]
[Round "11"]
[TimeControl "180+1"]
[Date "2021.07.06"]
[WhiteClock "0:00:12"]
[BlackClock "0:00:24"]

1. e4 c6 2. d4 d5 3. e5 Bf5 4. h4 h5 5. Bg5 Qa5+ 6. Nd2 e6 7. c3 Nd7 8. Ne2 Be7 9. Ng3 Bg6 10. Be2 Bxg5 11. hxg5 h4 12. Nb3 Qb6 13. Bd3 Ne7 14. Ne2 c5 15. dxc5 Nxc5 16. Bxg6 Nxg6 17. Nxc5 Qxc5 18. Qd4 Qc7 19. f4 Ne7 20. g4 Nc6 21. Qc5 O-O-O 22. O-O-O b6 23. Qf2 h3 24. Qg3 d4 25. Rxh3 dxc3 26. Nxc3 Rxd1+ 27. Kxd1 Rd8+ 28. Kc1 Qd7 29. Qe3 Nb4 30. Rh1 Nd3+ 31. Kb1 Nb4 32. a3 Nd5 33. Nxd5 Qxd5 34. Rc1+ Kb7 35. Rc3 a5 36. Qf3 1-0


[Site "https://www.chess.com"]

[Event "Titled Tuesday Blitz July 6 2021"]
[White "Williams, Simon K"]
[Black "Seul, Georg"]
[WhiteFideId "404454"]
[BlackFideId "4601653"]
[WhiteElo "2468"]
[BlackElo "2332"]
[Result "0-1"]
[Round "11"]
[TimeControl "180+1"]
[Date "2021.07.06"]
[WhiteClock "0:00:16"]
[BlackClock "0:00:47"]

1. g4 d5 2. g5 e5 3. d3 c6 4. h4 f5 5. c4 dxc4 6. Nf3 Bd6 7. dxc4 e4 8. Nd4 Ne7 9. Nc3 O-O 10. h5 Be5 11. Nb3 Qc7 12. Be3 Na6 13. g6 h6 14. Bd4 Bxd4 15. Qxd4 Be6 16. Nc5 Nxc5 17. Qxc5 b6 18. Qa3 e3 19. Nd1 exf2+ 20. Nxf2 Bxc4 21. Bg2 Bd5 22. Bxd5+ Nxd5 23. Qf3 Rae8 24. Rc1 Qd6 25. Qa3 c5 26. Qxa7 Nf4 27. Rc2 Ng2+ 0-1


[Site "https://www.chess.com"]

[Event "Titled Tuesday Blitz July 6 2021"]
[White "Yakubboev, Nodirbek"]
[Black "Gabrielian, Artur"]
[WhiteFideId "14203987"]
[BlackFideId "4131002"]
[WhiteElo "2519"]
[BlackElo "2523"]
[Result "0-1"]
[Round "11"]
[TimeControl "180+1"]
[Date "2021.07.06"]
[WhiteClock "0:00:02"]
[BlackClock "0:00:30"]

1. d4 Nf6 2. c4 c5 3. Nf3 e6 4. Nc3 cxd4 5. Nxd4 d5 6. cxd5 Nxd5 7. Bd2 Be7 8. e4 Nxc3 9. Bxc3 O-O 10. Be2 Bd7 11. O-O a6 12. Rc1 Nc6 13. Nf3 Rc8 14. Qd2 Qb6 15. Qf4 Bb4 16. Rfd1 Bxc3 17. bxc3 Qc7 18. Qh4 h6 19. h3 Rfd8 20. Nd4 Ne5 21. Qg3 Ba4 22. Re1 Ng6 23. Qe3 Qf4 24. Qxf4 Nxf4 25. Bf1 Ng6 26. g3 Ne5 27. f4 Nc6 0-1


[Site "https://www.chess.com"]

[Event "Titled Tuesday Blitz July 6 2021"]
[White "Yang, Kaiqi"]
[Black "Kotepalli, Sai Nirupama"]
[WhiteFideId "8604398"]
[BlackFideId "5039444"]
[WhiteElo "2373"]
[BlackElo "2450"]
[Result "1-0"]
[Round "11"]
[TimeControl "180+1"]
[Date "2021.07.06"]
[WhiteClock "0:00:14"]
[BlackClock "0:00:45"]

1. Nf3 Nc6 2. d4 e6 3. c4 d5 4. Nc3 Nf6 5. Bg5 Be7 6. e3 O-O 7. Bd3 dxc4 8. Bxc4 Nd5 9. Bxe7 Ncxe7 10. O-O c6 11. Ne4 Ng6 12. Rc1 Re8 13. Ne5 Nxe5 14. dxe5 Qh4 15. Qf3 Nb6 16. Bd3 Nd7 17. Qf4 Qxf4 18. exf4 f6 19. Nd6 Re7 20. Rfe1 fxe5 21. fxe5 Nb6 22. f4 Nd5 23. g3 Bd7 24. Nxb7 Rb8 25. Nc5 Rxb2 26. Re2 Rxe2 27. Bxe2 Be8 28. Rb1 Nb6 29. a4 h6 30. a5 Nd5 31. Rb8 Kh7 32. a6 g5 33. Rb7 gxf4 34. Bf3 Rg7 35. Nxe6 Rf7 36. Be4+ Kg8 37. Bxd5 cxd5 38. gxf4 Bc6 39. Rxf7 Kxf7 40. Nd8+ 1-0


[Site "https://www.chess.com"]

[Event "Titled Tuesday Blitz July 6 2021"]
[White "Zhuravlev, Alexey"]
[Black "Kavyev, Ruslan"]
[WhiteFideId "4164199"]
[BlackFideId "34110981"]
[WhiteElo "2484"]
[BlackElo "2172"]
[Result "0-1"]
[Round "11"]
[TimeControl "180+1"]
[Date "2021.07.06"]
[WhiteClock "0:00:07"]
[BlackClock "0:00:10"]

1. e4 c5 2. Nc3 d6 3. f4 g6 4. Nf3 Bg7 5. Bc4 Nc6 6. O-O e6 7. f5 gxf5 8. d3 Nge7 9. Bg5 h6 10. Bh4 Qd7 11. Qe1 b6 12. Kh1 Bb7 13. a3 O-O-O 14. b4 Kb8 15. Rb1 fxe4 16. dxe4 Nd4 17. Nxd4 cxd4 18. Bb5 Nc6 19. Bxd8 Rxd8 20. Nd5 a6 21. Bxc6 Qxc6 22. Nf6 Qxc2 23. Rc1 Qb2 24. Ng4 d3 25. Rf2 Qd4 26. Qe3 Qxe3 27. Nxe3 Bd4 28. Re1 Bxe4 29. Rf4 d2 30. Rd1 f5 31. Nc4 Rc8 32. Nxd2 Be3 33. Rxe4 fxe4 34. Nxe4 d5 35. Nf6 Rc3 36. a4 Rb3 37. b5 axb5 38. axb5 Rxb5 39. g3 Rb2 40. Rd3 d4 41. Ng4 Re2 42. Nxe3 dxe3 43. Rd6 Kc7 44. Rxe6 b5 45. Rxh6 b4 46. Rh4 b3 47. Rb4 b2 48. h4 Re1+ 49. Kg2 b1=Q 50. Rxb1 Rxb1 51. Kf3 Kd6 52. Kxe3 Ke5 53. Kf3 Rb4 0-1


[Site "https://www.chess.com"]

[Event "Titled Tuesday Blitz July 6 2021"]
[White "Zubov, Alexander"]
[Black "Maghsoodloo, Parham"]
[WhiteFideId "14109409"]
[BlackFideId "12539929"]
[WhiteElo "2740"]
[BlackElo "2601"]
[Result "0-1"]
[Round "11"]
[TimeControl "180+1"]
[Date "2021.07.06"]
[WhiteClock "0:00:16"]
[BlackClock "0:00:18"]

1. d4 Nf6 2. c4 e6 3. Nf3 d5 4. Nc3 dxc4 5. e4 b5 6. e5 Nd5 7. Nxb5 Nb6 8. a3 Nc6 9. Be3 Qd7 10. Nc3 Na5 11. Qc2 Bb7 12. Rd1 Be7 13. Be2 Rb8 14. O-O O-O 15. Ng5 Bxg5 16. Bxg5 Kh8 17. Qc1 f6 18. exf6 gxf6 19. Bh4 Qg7 20. Bg3 Rbd8 21. Qf4 Nc6 22. Bf3 Rxd4 23. Qxc7 e5 24. Qxg7+ Kxg7 25. Nb5 Rxd1 26. Rxd1 Rd8 27. Rxd8 Nxd8 28. Bxb7 Nxb7 29. f4 e4 30. Bf2 Nd5 31. Bxa7 Nxf4 32. Bd4 Kf7 33. Kf2 f5 34. g4 Ke6 35. gxf5+ Kxf5 36. a4 Nd5 37. Nc3 Nb4 38. Ke3 Nc2+ 39. Kd2 Nxd4 40. Nd1 Kf4 41. Kc3 Nf5 42. Kxc4 Ne3+ 43. Nxe3 Kxe3 44. b4 Kf2 45. a5 e3 46. a6 Nd6+ 47. Kc5 Nc8 0-1


[Site "https://www.chess.com"]

[Event "Titled Tuesday Blitz July 6 2021"]
[White "deribas12345"]
[Black "Schut, Han"]
[BlackFideId "1005561"]
[WhiteElo "2517"]
[BlackElo "2057"]
[Result "0-1"]
[Round "11"]
[TimeControl "180+1"]
[Date "2021.07.06"]
[WhiteClock "0:01:19"]
[BlackClock "0:00:59"]

1. d4 Nf6 2. c4 g6 3. Nc3 d5 4. Bg5 Bg7 5. e3 c5 6. Nf3 cxd4 7. exd4 O-O 8. Be2 dxc4 9. Bxc4 Bg4 10. O-O Nc6 11. d5 Bxf3 12. Qxf3 Ne5 13. Qe2 Nxc4 14. Qxc4 Rc8 15. Qd3 Qd7 16. Rad1 h6 17. Be3 Ng4 18. Bd4 Ne5 19. Qb5 Qxb5 20. Nxb5 a6 21. Na3 Rfd8 22. Bxe5 Bxe5 23. b3 b5 24. Rfe1 Bb2 25. Nb1 Bf6 26. Re3 Rxd5 0-1